 Dungeon Crawl Stone Soup version 0.26-a0-708-g17f3b190f9 (webtiles) character file.

Game seed: 5886869108298932558

193 Melum the Ruffian (level 5, -3/40 HPs)
             Began as a Draconian Transmuter on Oct 27, 2020.
             Was an Initiate of Wu Jian.
             Slain by an ogre
             ... wielding a +0 giant club
              (28 damage)
             ... on level 4 of the Dungeon.
             The game lasted 00:12:31 (2797 turns).

Melum the Ruffian (Draconian Transmuter)            Turns: 2797, Time: 00:12:31

Health: -3/40      AC:  8    Str: 13    XL:     5   Next: 44%
Magic:  8/8        EV: 12    Int: 14    God:    Wu Jian [......]
Gold:   146        SH:  0    Dex: 11    Spells: 7/8 levels left

rFire    . . .     SeeInvis .     - Unarmed
rCold    . . .     Faith    .   (no shield)
rNeg     . . .     Spirit   .   (armour unavailable)
rPois    .         Reflect  .   (helmet restricted)
rElec    .         Harm     .   j - +2 cloak
rCorr    +         Rampage  .   (no gloves)
MR       .....                  (no boots)
Stlth    +.........             (no amulet)
HPRegen  0.13/turn              i - ring of resist corrosion
MPRegen  0.11/turn              (no ring)

@: no status effects
A: unfitting armour, cold-blooded, AC +5
a: Renounce Religion


You were on level 4 of the Dungeon.
You worshipped Wu Jian.
Wu Jian was noncommittal.
You visited 2 branches of the dungeon, and saw 5 of its levels.

You collected 146 gold pieces.

Inventory:

Armour
 j - a +2 cloak (worn)
Jewellery
 i - a ring of resist corrosion (left hand)
Scrolls
 a - 5 scrolls of remove curse {unknown}
 b - a scroll of immolation {unknown}
 c - 2 scrolls of noise {unknown}
 e - 4 scrolls of identify {unknown}
 m - a scroll of fog {unknown}
Potions
 d - 2 potions of heal wounds {unknown}
 f - 2 potions of resistance {unknown}
 g - 2 potions of curing {unknown}
 h - 2 potions of haste {unknown}
 k - a potion of degeneration {unknown}
 l - a potion of might


   Skills:
 - Level 1.1 Fighting
 - Level 1.7 Dodging
 + Level 6.2 Unarmed Combat
 - Level 2.0 Spellcasting
 - Level 2.0 Transmutations


You had 7 spell levels left.
You knew the following spells:

 Your Spells              Type           Power        Failure   Level
a - Beastly Appendage     Tmut           #.....       11%         1

Your spell library contained the following spells:

 Spells                   Type           Power        Failure   Level
 Wereblood                Tmut           #.......     16%         2
 Spider Form              Tmut/Pois      #.........   43%         3
 Ice Form                 Ice/Tmut       #.......     83%         4
 Blade Hands              Tmut           #.........   96%         5


Dungeon Overview and Level Annotations

Branches:
Dungeon (4/15)             Temple (1/1) D:4

Altars:
Ashenzari
Hepliaklqana
Makhleb
Okawaru
Qazlal
Trog
Uskayaw
Vehumet
Wu Jian
Xom
Zin

Annotations:
D:3 Sigmund


Innate Abilities, Weirdness & Mutations

Your plain brown scales are hard. (AC +5)
You cannot fit into any form of body armour.
You are cold-blooded and may be slowed by cold attacks.


Message History

Things that are here:
a +0 flail; an orc corpse
d - 2 silvery potions (gained 1) As you open the door, it creaks loudly!
Found a glowing silver altar of Zin.
There is an open door here.
Okay, then.
i - a ring of resist corrosion (left hand)
There is an open door here.
You open the door.
The ogre shouts!
An ogre is nearby!
You lunge at the ogre.
You hit the ogre.
The ogre is lightly wounded.
The ogre hits you with a +0 giant club!
Unknown command.
There is a stone staircase leading down here.
The ogre hits you with a +0 giant club!!
Ouch! That really hurt!
You die...

##..#.# ######..#.#
####...#..#'########
#$$##..#...........#
#$$$#_.'...........#
#$$##..###.........#
####...# #.........#
###### #...O.)...#
#....@....#
######'#### #.# #<#
###


You could see an ogre.

Vanquished Creatures
  2 orc wizards
  6 adders
  2 worms
  3 leopard geckos
  14 orcs
  5 giant cockroaches
  6 goblins
  5 hobgoblins
  2 kobolds
  3 quokkas
  4 bats
  3 frilled lizards
  5 rats
60 creatures vanquished.

Notes
Turn   | Place    | Note
-------+----------+-------------------------------------------
     0 | D:1      | Melum the Draconian Transmuter began the quest for the Orb.
     0 | D:1      | Reached XP level 1. HP: 16/16 MP: 3/3
   197 | D:1      | Reached XP level 2. HP: 23/23 MP: 5/5
   504 | D:2      | Reached skill level 4 in Unarmed Combat
   554 | D:2      | Reached XP level 3. HP: 28/28 MP: 3/6
  1158 | D:2      | Reached XP level 4. HP: 32/35 MP: 7/7
  1264 | D:3      | Noticed Sigmund
  1371 | D:3      | Reached skill level 5 in Unarmed Combat
  1617 | D:3      | Reached XP level 5. HP: 40/40 MP: 8/8
  2037 | D:4      | Found a staircase to the Ecumenical Temple.
  2083 | D:4      | Reached skill level 6 in Unarmed Combat
  2257 | Temple   | Entered the Ecumenical Temple
  2445 | Temple   | Became a worshipper of the Wu Jian Council
  2497 | D:4      | Noticed an ogre
  2500 | D:4      | Noticed a phantom
  2761 | D:4      | Found a glowing silver altar of Zin.
  2797 | D:4      | Slain by an ogre

Illustrated notes

Levels and vault maps discovered:
D:1:      nzn_arrival_water_spiral, layout_rooms, minivault_24
D:2:      layout_basic
D:3:      layout_loops_ring, uniq_sigmund
D:4:      layout_basic, overflow_temple_1_default, zin_treasury,
          minmay_temple_entry_glass, serial_shops, kennysheep_little_box,
          uniq_pikel
Temple:   dpeg_chambers_temple

Skill      XL: |  1  2  3  4  5 |
---------------+----------------+-----
Unarmed Combat | 4 5 6 |  6.2
Fighting       | |  1.1
Dodging        | |  1.7
Spellcasting   | |  2.0
Transmutations | |  2.0

Action                   |  1- 3 |  4- 6 || total
-------------------------+-------+-------++-------
Melee: Unarmed           |    86 |   139 ||   225
       Tailslap          |     5 |    11 ||    16
       Headbutt          |     4 |       ||     4
       Kick              |     3 |     3 ||     6
       Punch             |     1 |     2 ||     3
 Cast: Beastly Appendage |     6 |     1 ||     7
Invok: Lunge             |       |     3 ||     3
Armor: Skin              |    15 |    53 ||    68
Dodge: Dodged            |    42 |    84 ||   126

Table legend: (Time is in decaauts)
 A = Elapsed time spent in this place.
 B = Non-inter-level travel time spent in this place.
 C = Inter-level travel time spent in this place.
 D = Time resting spent in this place.
 E = Time spent auto-exploring this place.
 F = Levels seen in this place.
 G = Mean time per level.
                   A        B        C        D        E       F      G
               +--------+--------+--------+--------+--------+-----+--------+
         Total |   2779 |   2611 |    168 |    364 |   1651 |   5 |  555.8 |
       Dungeon |   2570 |   2422 |    148 |    364 |   1468 |   4 |  642.5 |
        Temple |    209 |    189 |     20 |      0 |    183 |   1 |  209.0 |
               +--------+--------+--------+--------+--------+-----+--------+

Top non-repeatable levels by time:
     D:2: 903 daAuts
     D:3: 884 daAuts
     D:1: 438 daAuts
     D:4: 343 daAuts
  Temple: 209 daAuts
